 Dungeon Crawl Stone Soup version 0.28.0-1-gb440e238dd (webtiles) character file.

Game seed: 11189118047991545922

86 issech the Cudgeller (level 4, -8/44 HPs)
             Began as a Troll Monk on Feb 26, 2022.
             Mangled by Sigmund (11 damage)
             ... on level 1 of the Dungeon.
             The game lasted 00:05:51 (1648 turns).

issech the Cudgeller (Troll Monk)                   Turns: 1648, Time: 00:05:51

Health: -8/44      AC:  5    Str: 19    XL:     4   Next: 27%
Magic:  3/3        EV: 10    Int:  6    God:
Gold:   37         SH:  0    Dex: 14    Spells: 3/3 levels left

rFire   . . .      SeeInvis .   a - +0 mace
rCold   . . .      Faith    .   (no shield)
rNeg    . . .      Spirit   .   b - +0 robe
rPois   .          Reflect  .   (helmet restricted)
rElec   .          Harm     .   h - +0 cloak
rCorr   .          Rampage  .   (gloves unavailable)
Will    .....                   (boots unavailable)
Stlth   ++........              (no amulet)
HPRegen 0.94/turn               (no ring)
MPRegen 0.08/turn               (no ring)

@: lethally poisoned (-8 -> -12)
A: large, unfitting armour, claws 3, regeneration 1, shaggy fur 1, tough skin 1
a: no special abilities


You were on level 1 of the Dungeon.
You visited 1 branch of the dungeon, and saw 2 of its levels.

You collected 37 gold pieces.

Inventory:

Hand Weapons
 a - a +0 mace (weapon)
 o - a +1 dagger of protection
 p - a +3 dagger of speed
 q - a +0 hunting sling
Missiles
 e - 55 stones (quivered)
 k - 27 arrows
 n - 17 sling bullets
Armour
 b - a +0 robe (worn)
 h - a +0 cloak (worn)
Magical Staves
 i - a staff of cold
Scrolls
 c - a scroll of identify {unknown}
 f - a scroll of immolation {unknown}
 l - a scroll of vulnerability {unknown}
Potions
 g - a potion of attraction {unknown}
 j - a potion of magic {unknown}
 m - a potion of invisibility {unknown}


   Skills:
 + Level 2.9 Fighting
 + Level 3.5 Maces & Flails
 + Level 3.1 Dodging
 + Level 1.2 Stealth


You had 3 spell levels left.
You didn't know any spells.
Your spell library contained the following spells:

 Spells                   Type           Power      Damage    Failure   Level
 Blink                    Tloc           0%         N/A       58%         2
 Lesser Beckoning         Tloc           0%         N/A       83%         3
 Manifold Assault         Tloc           0%         N/A       100%        5


Dungeon Overview and Level Annotations

Branches:
Dungeon (2/15)

Altars:

Annotations:
D:2 Sigmund


Innate Abilities, Weirdness & Mutations

You are too large for most types of armour.
You have claws for hands.
Your natural rate of healing is unusually fast.
You are covered in fur. (AC +1)
You have tough skin. (AC +1)


Message History

Sigmund flickers and vanishes!
Deactivating autopickup; reactivate with Ctrl-A.
There is a stone staircase leading up here.
You hit something. Something hits you!
You hit something. Something hits you but does no damage.
You are poisoned.
You hit something but do no damage.
You feel very sick. Something hits you!
You are more poisoned.
You hit something.
You feel very sick.
You sock something!
You feel very sick. Something hits you.
You are more poisoned.
You hit something.
You feel very sick. Something hits you but does no damage.
You are lethally poisoned!
* * * LOW HITPOINT WARNING * * *
You feel very sick.
You hear some strange, mumbled words.
Something tries to affect you, but you resist.
You climb upwards.
Reactivating autopickup.
* * * LOW HITPOINT WARNING * * *
You feel extremely sick.
There is a stone staircase leading down here.
There is a lethal amount of poison in your body!
There is a lethal amount of poison in your body!
It was a potion of cancellation.
You feel magically purged.
* * * LOW HITPOINT WARNING * * *
You feel very sick.
You hear some strange, mumbled words.
Deactivating autopickup; reactivate with Ctrl-A.
Something tries to affect you, but you resist.
* * * LOW HITPOINT WARNING * * *
You feel sick. Something hits you!
You die...

#.#######.# #.### #.#
######### #...# #.#
........# #...# #.#
#######.# #######...#
#.# #.# #.........#
#.# ## #.#
#.#####...# #.#
.######.###.#####...#
#.#
..............{>@...#
#.#
.######.###.#######.#
#.# ## #.# #.# #.#
#.# ## #.# #.# #.#
#.# .######.# #.# #.#
#.# .....##.# #.# #.#
#.# .....##.# #.# #.#
#.# .....##.###.####
#.# #.#
.....#.........# #.#
#.#


There were no monsters in sight!

Vanquished Creatures
  Robin (D:2)
  2 adders (D:2)
  A worm (D:2)
  A dart slug (D:1)
  3 endoplasms (D:1)
  A giant cockroach (D:1)
  9 goblins
  7 hobgoblins
  2 kobolds
  3 quokkas
  6 ball pythons
  3 bats
  2 frilled lizards (D:1)
  6 rats
47 creatures vanquished.

Notes
Turn   | Place    | Note
-------+----------+-------------------------------------------
     0 | D:1      | issech the Troll Monk began the quest for the Orb.
     0 | D:1      | Reached XP level 1. HP: 22/22 MP: 0/0
   258 | D:1      | Reached XP level 2. HP: 29/29 MP: 1/1
  1184 | D:2      | Reached XP level 3. HP: 36/36 MP: 2/2
  1215 | D:2      | Noticed Robin
  1403 | D:2      | Killed Robin
  1444 | D:2      | Reached XP level 4. HP: 44/44 MP: 3/3
  1563 | D:2      | Noticed Sigmund
  1648 | D:1      | Mangled by Sigmund

Illustrated notes

Levels and vault maps discovered:
D:1:      grunt_arrival_crossed_arrows, layout_basic, bh_walls_and_bars
D:2:      layout_basic, kennysheep_generic_room_12, uniq_sigmund, uniq_terence,
          uniq_robin

Skill      XL: |  1  2  3 |
---------------+----------+-----
Maces & Flails | 3 |  3.5
Dodging        | 3 |  3.1
Fighting       | |  2.9
Stealth        | |  1.2

Action                   |  1- 3 |  4- 6 || total
-------------------------+-------+-------++-------
Melee: Mace              |   135 |    19 ||   154
       Punch             |     1 |       ||     1
  Use: Potion            |       |     1 ||     1
 Stab: Sleeping          |     4 |       ||     4
Armor: Robe              |    88 |     3 ||    91
Dodge: Dodged            |   113 |     5 ||   118
